 Dungeon Crawl Stone Soup version 0.31-a0-819-gf6de2f5ab6 (webtiles) character file.

Game seed: 1390317386586320185

3161 Shayle the Sneak (level 9, -16/70 HPs)
             Began as a Demonspawn Hedge Wizard on Sept 24, 2023.
             Was an Initiate of Ashenzari.
             Demolished by a two-headed ogre
             ... wielding a +0 giant spiked club
              (20 damage)
             ... on level 9 of the Dungeon.
             The game lasted 00:21:48 (7048 turns).

Shayle the Sneak (Demonspawn Hedge Wizard)          Turns: 7048, Time: 00:21:49

Health: -16/70     AC:  8    Str: 11    XL:     9   Next: 62%
Magic:  5/18       EV: 12    Int: 31    God:    Ashenzari [......]
Gold:   237        SH:  5    Dex: 13    Spells: 10/20 levels left

rFire   + + .        p - +10 short sword of Voqiu {heavy, rF+ Int+6}
rCold   . . .        (no shield)
rNeg    . . .        s - +2 animal skin
rPois   .            r - +1 helmet
rElec   .            (no cloak)
rCorr   .            (no gloves)
SInv    .            H - +1 pair of boots
Will    .....        i - amulet of reflection
Stlth   +++          v - +6 ring of intelligence
HPRegen 0.31/turn    x - ring of protection from fire
MPRegen 0.16/turn

%: reflection
@: no status effects
A: ignite blood 2, sturdy frame 1, weakness stinger 2
a: Renounce Religion, Curse Item


You were on level 9 of the Dungeon.
You worshipped Ashenzari.
Ashenzari was noncommittal.
You visited 2 branches of the dungeon, and saw 10 of its levels.

You collected 372 gold pieces.
You spent 135 gold pieces at shops.

Inventory:

Hand Weapons
 a - a +0 dagger
 p - the +10 short sword of Voqiu (weapon) {heavy, rF+ Int+6}
   (You found it on level 2 of the Dungeon)

   Int+6:     It affects your intelligence (+6).
   rF+:       It protects you from fire.
 F - the +10 spear of Reason {heavy, rF++ rC+}
   (You found it on level 6 of the Dungeon)

   rF++:      It greatly protects you from fire.
   rC+:       It protects you from cold.
 G - a +4 rapier of venom
Armour
 b - a +0 robe
 c - a +0 hat
 h - a +0 kite shield
 r - a +1 helmet (worn)
 s - a +2 animal skin (worn)
 H - a +1 pair of boots (worn)
Jewellery
 i - an amulet of reflection (around neck)
 k - an amulet of guardian spirit
 o - the ring of Yredelemnul's Delight {Str+3 Int+3 SInv}
   (You bought it in a shop on level 8 of the Dungeon)

   [ring of see invisible]

   Str+3:     It affects your strength (+3).
   Int+3:     It affects your intelligence (+3).
   SInv:      It lets you see invisible.
 v - a +6 ring of intelligence (left hand)
 x - a ring of protection from fire (right hand)
 C - a ring of protection from cold
 D - a ring of willpower
 E - a ring of wizardry
Wands
 z - a wand of iceblast (14)
 B - a wand of digging (5)
 I - a wand of mindburst (7)
Scrolls
 f - 5 scrolls of poison
 l - a scroll of blinking
 q - 3 scrolls of fog
 t - 2 scrolls of amnesia
 w - a scroll of teleportation
 y - a scroll of noise
 A - 2 scrolls of fear
Potions
 d - a potion of magic
 e - a potion of attraction
 g - 2 potions of degeneration
 j - a potion of enlightenment {unknown}
 m - a potion of berserk rage {unknown}
 n - a potion of haste {unknown}
 u - 2 potions of mutation


   Skills:
 + Level 6.3 Fighting
 - Level 1.7 Dodging
 + Level 6.7 Stealth
 + Level 6.2 Spellcasting
 - Level 3.8 Conjurations
 - Level 1.0 Summonings
 + Level 5.0 Necromancy
 - Level 0.8 Translocations
 - Level 3.0 Air Magic
 - Level 3.4 Poison Magic


You had 10 spell levels left.
You knew the following spells:

 Your Spells              Type           Power      Damage    Failure   Level
a - Magic Dart            Conj           100%       1d8       1%          1
b - Call Imp              Summ           30%        N/A       4%          2
c - Cigotuvi's Dreadful   Necr/Pois/Air  66%        N/A       1%          2
d - Mephitic Cloud        Conj/Pois/Air  30%        N/A       3%          3
e - Blink                 Tloc           28%        N/A       5%          2

Your spell library contained the following spells:

 Spells                   Type           Power      Damage    Failure   Level
 Slow                     Hex            36%        N/A       4%          1
 Haunt                    Necr/Summ      14%        N/A       100%        7
 Borgnjor's Revivificati  Necr           20%        N/A       100%        8
 Death's Door             Necr           20%        N/A       100%        9


Dungeon Overview and Level Annotations

Branches:
Dungeon (9/15)             Temple (1/1) D:7
   Lair: D:8-11         Orc: D:9-12

Altars:
Ashenzari
Cheibriados
Dithmenos
Fedhas
Gozag
Hepliaklqana
Kikubaaqudgha
Makhleb
Nemelex Xobeh
Okawaru
Qazlal
Ru
Uskayaw
Vehumet
Wu Jian
Xom
Yredelemnul

Shops:
D:1 (   D:5 *   D:8 *(

Annotations:
D:4 Menkaure
D:5 Ijyb
D:8 Erica


Innate Abilities, Weirdness & Mutations

Your demonic aura often causes spilled blood to erupt in flames.
Your movements are slightly less encumbered by armour. (ER -2)
You have a tail ending in a sharp stinger.


Message History

The yak is moderately wounded.
The stinking cloud engulfs you but does no damage.
You are engulfed in noxious fumes.
You choke on the stench!
You are confused.
The yak is engulfed in noxious fumes.
The yak appears confused.
The yak gores you.
Unknown command.
The yak is engulfed in noxious fumes.
The yak barely misses something.
Unknown command.
You feel less confused.
The yak is engulfed in noxious fumes.
Unknown command.
Casting: Mephitic Cloud (dangerous; 3% risk of failure)
Confirm with . or Enter, or press ? or * to list all spells.
Aiming: Mephitic Cloud (dangerous; 3% risk of failure)
Press: ? - help, Shift-Dir - straight line, p - yak The ball explodes into a vile cloud!
The stinking cloud engulfs the yak but does no damage.
The yak is moderately wounded.
The stinking cloud engulfs the two-headed ogre but does no damage.
The yak is engulfed in noxious fumes.
The yak appears confused.
The two-headed ogre is engulfed in noxious fumes.
The yak is engulfed in noxious fumes.
The yak appears confused.
Casting: Mephitic Cloud (dangerous; 3% risk of failure)
Confirm with . or Enter, or press ? or * to list all spells.
Aiming: Mephitic Cloud (dangerous; 3% risk of failure)
Press: ? - help, Shift-Dir - straight line The ball explodes into a vile cloud!
The stinking cloud engulfs the two-headed ogre but does no damage.
The two-headed ogre is engulfed in noxious fumes.
Unknown command.
You puncture the two-headed ogre! You tail-slap the two-headed ogre.
Your punch misses the two-headed ogre.
The two-headed ogre is moderately wounded.
The two-headed ogre is engulfed in noxious fumes.
The two-headed ogre hits you with a +0 giant spiked club!!
Ouch! That really hurt!
* * * LOW HITPOINT WARNING * * *
The two-headed ogre hits you with a +0 giant club!!
You die...

#......#
#......##+#####
#.............+
##.....##.....#
#......##..<.# #
#....§Y○.....#
...##...☼°#######
........O.##...
.......@☼........
........☼.......#
...##.....##....#
.. #.....# [...#
#...... ...#
#.....## ..#
......# ###
........


You could see a two-headed ogre and a yak (confused).

Vanquished Creatures
  A two-headed ogre (D:8)
  A hornet (D:8)
  5 yaks (D:8)
  A steam dragon (D:6)
  A water moccasin (D:5)
  3 sky beasts
  2 black bears
  An ogre (D:4)
  A centaur (D:8)
  2 scorpions (D:6)
  2 howler monkeys (D:6)
  4 hounds
  3 orc priests
  3 sleepcaps
  An iguana (D:5)
  3 orc wizards
  Robin (D:3)
  4 gnolls (D:7)
  5 adders
  An ufetubus (D:5)
  2 worms (D:3)
  A dart slug (D:1)
  18 orcs
  9 bats
  10 endoplasms
  A giant cockroach (D:2)
  20 goblins
  4 hobgoblins
  4 jackals (D:5)
  3 quokkas
  9 ball pythons
  3 frilled lizards (D:1)
  7 kobolds
  8 rats
144 creatures vanquished.

Notes
Turn   | Place    | Note
-------+----------+-------------------------------------------
     0 | D:1      | Shayle the Demonspawn Hedge Wizard began the quest for the
                  | Orb.
     0 | D:1      | Reached XP level 1. HP: 13/13 MP: 4/4
    11 | D:1      | Found Duiw's Weapon Shop.
   184 | D:1      | Reached skill level 1 in Fighting
   312 | D:1      | Gained mutation: Your movements are slightly less
                  | encumbered by armour. (ER -2) [demonic ancestry]
   312 | D:1      | Reached XP level 2. HP: 21/21 MP: 4/6
  1066 | D:1      | Gained mutation: You have a small tail. [demonic ancestry]
  1066 | D:1      | Reached XP level 3. HP: 27/27 MP: 5/7
  1069 | D:1      | Learned a level 2 spell: Call Imp
  1072 | D:1      | Learned a level 2 spell: Cigotuvi's Dreadful Rot
  2160 | D:2      | Identified the +10 short sword of Voqiu {heavy, rF+ Int+6}
  2511 | D:3      | Reached XP level 4. HP: 27/33 MP: 8/8
  2786 | D:3      | Reached skill level 1 in Poison Magic
  2994 | D:3      | Reached skill level 1 in Air Magic
  3114 | D:4      | Noticed an ogre
  3121 | D:3      | Learned a level 3 spell: Mephitic Cloud
  3146 | D:4      | Noticed Robin
  3157 | D:3      | Killed Robin
  3327 | D:4      | Gained mutation: Your demonic aura sometimes causes spilled
                  | blood to erupt in flames. [demonic ancestry]
  3327 | D:4      | Reached XP level 5. HP: 39/39 MP: 9/9
  3403 | D:4      | Noticed Menkaure
  3411 | D:4      | Killed an ogre
  3604 | D:4      | Reached XP level 6. HP: 17/46 MP: 11/11
  3892 | D:5      | Entered Level 5 of the Dungeon
  4030 | D:5      | Found an ancient bone altar of Kikubaaqudgha.
  4088 | D:5      | Noticed Ijyb
  4379 | D:6      | Noticed a steam dragon
  4386 | D:6      | Killed a steam dragon
  4387 | D:6      | Gained mutation: Your demonic aura often causes spilled
                  | blood to erupt in flames. [demonic ancestry]
  4387 | D:6      | Reached XP level 7. HP: 52/52 MP: 8/12
  4677 | D:6      | Found an iron altar of Okawaru.
  4683 | D:6      | Identified the +10 spear of Reason {heavy, rF++ rC+}
  4896 | D:6      | Gained mutation: You have a tail ending in a sharp stinger.
                  | [demonic ancestry]
  4896 | D:6      | Reached XP level 8. HP: 60/60 MP: 14/14
  5455 | D:7      | Found a staircase to the Ecumenical Temple.
  5474 | Temple   | Entered the Ecumenical Temple
  5485 | Temple   | Became a worshipper of Ashenzari the Shackled
  5771 | D:5      | Learned a level 2 spell: Blink
  5961 | D:5      | Found Qidoud's Serpentskin Sales.
  5967 | D:5      | Reached skill level 1 in Necromancy
  6161 | D:7      | Reached skill level 5 in Stealth
  6745 | D:8      | Noticed a +0 quick blade
  6745 | D:8      | Found Tyusiud's Weapon Shoppe.
  6752 | D:8      | Noticed a +0 demon whip
  6756 | D:8      | Noticed a hornet
  6761 | D:8      | Noticed a two-headed ogre
  6773 | D:7      | Reached skill level 5 in Spellcasting
  6841 | D:8      | Reached skill level 5 in Fighting
  6844 | D:8      | Reached XP level 9. HP: 48/68 MP: 2/17
  6870 | D:8      | Killed a two-headed ogre
  6872 | D:8      | Paralysed by a hornet for 2 turns
  6981 | D:8      | Found Itasok's Assorted Antiques.
  6989 | D:8      | Bought a brightly glowing marble ring for 135 gold pieces
  6989 | D:8      | Identified the ring of Yredelemnul's Delight {Str+3 Int+3
                  | SInv} (You bought it in a shop on level 8 of the Dungeon)
  7029 | D:8      | Paralysed by a hornet for 2 turns
  7030 | D:8      | Reached skill level 5 in Necromancy
  7032 | D:8      | Noticed Erica
  7034 | D:9      | Noticed a two-headed ogre
  7048 | D:9      | Demolished by a two-headed ogre

Illustrated notes

Levels and vault maps discovered:
D:1:      saegor_arrival_simple_b, layout_loops_ring, serial_shops,
          nicolae_square_shop
D:2:      layout_loops_ring
D:3:      layout_loops_cross, st_stairs_7, chequers_serial_rivers_micro_c
D:4:      layout_rooms, uniq_robin, uniq_menkaure
D:5:      layout_basic, mainiacjoe_overflow_boulevard, guppyfry_shop_venom,
          uniq_ijyb
D:6:      layout_basic, okawaru_ov_weapons_minmay, grunt_ministairs_14,
          minivault_10, grunt_decor_clamped
D:7:      layout_gridville, minmay_temple_entry_waves
D:8:      lemuel_ratsnest, layout_cave_pools, marbit_many_paths, serial_shops,
          nicolae_shop_mannequins, nicolae_shop_advertising_works
          [nicolae_subvault_shop_adworks], uniq_erica, uniq_pikel, uniq_maggie
D:9:      layout_gridville, due_lair_maze_entry_diamond, uniq_joseph
Temple:   mainiacjoe_temple_bowtie_tessellation

Skill      XL: |  1  2  3  4  5  6  7  8  9 |
---------------+----------------------------+-----
Stealth        | 2 3 4 5 6 |  6.7
Fighting       | 1 2 3 4 5 6 |  6.3
Poison Magic   | 1 2 3 |  3.4
Air Magic      | 1 2 3 |  3.0
Conjurations   | 2 3 |  3.8
Spellcasting   | 4 5 6 |  6.2
Necromancy     | 3 5 |  5.0
Dodging        | |  1.7
Summonings     | |  1.0
Translocations | |  0.8

Action                     |  1- 3 |  4- 6 |  7- 9 || total
---------------------------+-------+-------+-------++-------
  Melee: Dagger            |    44 |       |       ||    44
         Short sword       |    20 |    90 |   103 ||   213
         Tailslap          |     3 |     7 |    15 ||    25
         Punch             |       |       |     3 ||     3
   Cast: Magic Dart        |    68 |       |       ||    68
         Call Imp          |     1 |     1 |       ||     2
         Mephitic Cloud    |       |     3 |    16 ||    19
         Cigotuvi's Dreadf |       |     1 |       ||     1
    Use: Potion            |       |     2 |     6 ||     8
         Scroll            |       |       |    13 ||    13
   Stab: Sleeping          |     3 |       |     1 ||     4
         Confused          |       |       |     4 ||     4
 Armour: Robe              |    33 |    25 |       ||    58
         Animal skin       |       |    42 |    92 ||   134
  Dodge: Dodged            |    35 |    70 |    82 ||   187
  Block: Other             |    12 |    28 |    28 ||    68

Table legend: (Time is in decaauts)
 A = Elapsed time spent in this place.
 B = Non-inter-level travel time spent in this place.
 C = Inter-level travel time spent in this place.
 D = Time resting spent in this place.
 E = Time spent auto-exploring this place.
 F = Levels seen in this place.
 G = Mean time per level.
                   A        B        C        D        E       F      G
               +--------+--------+--------+--------+--------+-----+--------+
         Total |   7166 |   6483 |    683 |    604 |   4030 |  10 |  716.6 |
       Dungeon |   7145 |   6471 |    674 |    604 |   4030 |   9 |  793.9 |
        Temple |     20 |     11 |      9 |      0 |      0 |   1 |   20.0 |
               +--------+--------+--------+--------+--------+-----+--------+

Top non-repeatable levels by time:
     D:1: 1503 daAuts
     D:6: 1189 daAuts
     D:3: 1170 daAuts
     D:2: 883 daAuts
     D:7: 801 daAuts
     D:5: 758 daAuts
     D:4: 583 daAuts
     D:8: 240 daAuts
  Temple: 20 daAuts
     D:9: 14 daAuts
